 Dungeon Crawl Stone Soup version 0.22-a0-533-g4d20840 (webtiles) character file.

52 kae the Insei (level 3, 0/27 HPs)
             Began as a Demonspawn Transmuter on June 22, 2018.
             Succumbed to an adder's poison
             ... on level 3 of the Dungeon.
             The game lasted 00:01:35 (2482 turns).

kae the Insei (Demonspawn Transmuter)               Turns: 2482, Time: 00:01:35

Health: 0/27       AC:  4    Str:  8 (10) XL:     3   Next: 60%
Magic:  6/6        EV: 11    Int: 12 (14) God:
Gold:   88         SH:  4    Dex: 14 (16) Spells: 3/6 levels left

rFire    . . .     SeeInvis .   m - +1 whip
rCold    . . .     Gourm    .   (no shield)
rNeg     . . .     Faith    .   k - +0 leather armour
rPois    .         Spirit   .   (helmet restricted)
rElec    .         Reflect  .   (no cloak)
rCorr    .         Harm     .   i - +0 pair of gloves
MR       .....     Rnd*Tele +   (no boots)
Stlth    ++........             (no amulet)
HPRegen  0.09/turn              (no ring)
MPRegen  0.10/turn              (no ring)

@: lethally poisoned (0 -> -15)
A: antennae 1, large bone plates 1, agile 1, mutation resistance 1, nightstalker
1, teleportitis 1
a: no special abilities


You were on level 3 of the Dungeon.
You were not hungry.

You visited 1 branch of the dungeon, and saw 3 of its levels.

You collected 88 gold pieces.

Inventory:

Hand Weapons
 m - a +1 whip (weapon)
Missiles
 a - 56 arrows
Armour
 b - a +0 robe
 i - a +0 pair of gloves (worn)
 k - a +0 leather armour (worn)
Jewellery
 g - an uncursed ring of protection from cold {unknown}
 h - an uncursed ring of protection from magic {unknown}
Wands
 q - a wand of digging (7)
Scrolls
 f - a scroll of teleportation
 j - a scroll of enchant weapon
Potions
 c - a potion of degeneration
Comestibles
 d - 4 rations


   Skills:
 + Level 1.7 Fighting
 + Level 0.2 Armour
 - Level 1.7 Dodging
 * Level 3.2 Unarmed Combat
 + Level 2.3 Spellcasting
 * Level 2.4 Transmutations


You had 3 spell levels left.
You knew the following spells:

 Your Spells              Type           Power        Failure   Level  Hunger
a - Beastly Appendage     Tmut           #.....       14%         1    ##.....
b - Sticks to Snakes      Tmut           #.......     21%         2    ###....

Your spell library contained the following spells:

 Spells                   Type           Power        Failure   Level  Hunger
 Spider Form              Tmut/Pois      #.........   56%         3    ####...
 Blade Hands              Tmut           #.........   98%         5    ######.
 Ice Form                 Ice/Tmut       #.......     92%         4    #####..


Dungeon Overview and Level Annotations

Branches:
Dungeon (3/15)

Altars:


Innate Abilities, Weirdness & Mutations

You are partially covered in large bone plates. (SH +4)
You are slightly more attuned to the shadows.
You have a pair of small antennae on your head.
You are agile. (Dex +2)
You are somewhat resistant to further mutation.
You are occasionally teleported next to monsters.


Message History

You feel agile.
You feel weirdly uncertain. A pair of antennae grows on your head!
You feel genetically stable. The adder closely misses you. The adder bites you.
* * * LOW HITPOINT WARNING * * *
You are lethally poisoned!
The adder poisons you!
You completely miss the adder.
The adder is almost dead.
* * * LOW HITPOINT WARNING * * *
You feel sick. The adder misses you.
You closely miss the adder.
The adder is almost dead.
* * * LOW HITPOINT WARNING * * *
You feel sick. The adder bites you.
* * * LOW HITPOINT WARNING * * *
You are more poisoned.
The adder poisons you! You block the adder's attack.
Your leather armour prevents you from hitting the adder.
The adder is severely wounded.
You die...

*,#.,..#* *,,,,,* **,,, #,#.#..#
*,,,,,* *,,, #.#<...#***,,,,,*
*,** #.#....,,,***,*** *,,,
#.....,**,* *,* *,** **#..###*,*
*,* *,,, #...S#*,# *,******,,,
#.##S#*.# *,,,,,,,,*, *
####.##@##.# ****,,,,,,, *******
#..........####**,****,*
*,,,,,***#.#####........,,,* *,*
*,*,,,,,..,,,,*#<#######*******,*
,,,,*,*##*,**,*#.# **,,,,,,,,,*
*,***,* **,,,,,..# *,,,******,,
*,***,* *,<,,,.#.# *,,,* ***
*,,,,,* *,*,*..#.# *,,,* *
******* *,*,..,#.# *,,,* *


You could see 2 adders.

Vanquished Creatures
  An adder (D:2)
  A worm (D:2)
  A dart slug (D:2)
  A leopard gecko (D:2)
  An orc (D:2)
  3 giant cockroaches
  A goblin (D:1)
  11 hobgoblins
  A quokka (D:2)
  5 bats
  2 frilled lizards
  2 kobolds
  3 rats (D:2)
33 creatures vanquished.

Notes
Turn   | Place    | Note
-------+----------+-------------------------------------------
     0 | D:1      | kae the Demonspawn Transmuter began the quest for the Orb.
     0 | D:1      | Reached XP level 1. HP: 15/15 MP: 3/3
   618 | D:1      | Gained mutation: You are partially covered in large bone plates. (SH +4) [demonic ancestry]
   618 | D:1      | Reached XP level 2. HP: 16/21 MP: 5/5
  1097 | D:2      | Reached skill level 3 in Unarmed Combat
  1304 | D:2      | Learned a level 2 spell: Sticks to Snakes
  1386 | D:2      | Gained mutation: You are slightly more attuned to the shadows. [demonic ancestry]
  1386 | D:2      | Reached XP level 3. HP: 17/26 MP: 4/6
  2479 | D:3      | Gained mutation: You are agile. (Dex +2) [potion of mutation]
  2479 | D:3      | Gained mutation: You are occasionally teleported next to monsters. [potion of mutation]
  2479 | D:3      | Gained mutation: You have a pair of small antennae on your head. [potion of mutation]
  2479 | D:3      | Gained mutation: You are somewhat resistant to further mutation. [potion of mutation]
  2481 | D:3      | HP: 1/27 [adder (3)]
  2482 | D:3      | Succumbed to an adder's poison

Vault maps used:
D:1:      giann_wishing_wells
D:3:      cheibriados_altar_1, nicolae_overflow_hidden_temple,
          gammafunk_ghost_necromancy, first_ration

Skill      XL: |  1  2 |
---------------+-------+-----
Transmutations | 2 |  2.4
Unarmed Combat | 3 |  3.2
Fighting       | |  1.7
Armour         | |  0.2
Dodging        | |  1.7
Spellcasting   | |  2.3

Action                   || total
-------------------------++-------
Melee: Unarmed           ||    97
       Headbutt          ||     9
       Punch             ||     5
       Kick              ||     4
       Whip              ||    59
 Cast: Beastly Appendage ||    13
  Use: Scroll            ||     7
       Potion            ||     2
 Stab: Sleeping          ||     1
  Eat: Chunk             ||     5
Armor: Robe              ||    30
       Skin              ||     1
       Leather armour    ||    10
Dodge: Dodged            ||   109
Block: Other             ||    20

Table legend:
 A = Spawn XP
 B = Non-spawn XP
 C = Spawn XP percentage of total XP
 D = Spawn monster count
 E = Non-spawn monster count
 F = Spawn count percentage of total count
 G = Total turns spent on level
                    A         B        C        D         E        F      G
               +---------+---------+-------+---------+---------+-------+---------
         Total |       0 |      75 |   0.0 |       0 |      33 |   0.0 |  2482
               +---------+---------+-------+---------+---------+-------+---------
           D:1 |       0 |      16 |   0.0 |       0 |      10 |   0.0 |  1074
           D:2 |       0 |      59 |   0.0 |       0 |      23 |   0.0 |  1370
               +---------+---------+-------+---------+---------+-------+---------
